[Event "*** Titled Tuesday Blitz"]
[Site "Chess.com"]
[Date "2020.04.28"]
[Round "9"]
[White "starworld123"]
[Black "Megagigahiper3345"]
[Result "0-1"]
[WhiteElo "2635"]
[BlackElo "2476"]
[TimeControl "180+1"]
[EndTime "11:45:38 PDT"]
[Termination "Megagigahiper3345 won on time"]

1. e4 c5 2. Nf3 d6 3. Bb5+ Bd7 4. Bxd7+ Qxd7 5. O-O Nf6 6. Re1 Nc6 7. c3 e6 8. d4 cxd4 9. cxd4 d5 10. e5 Ne4 11.
Nc3 Nxc3 12. bxc3 Be7 13. h4 O-O 14. h5 h6 15. Bf4 Rac8 16. Qd2 Na5 17. Bxh6 gxh6 18.
Qxh6 Nc4 19. Rab1 b6 20. Rbd1 f5 21. exf6 Rxf6 22. Qg5+ Kh8 23. Nh4 Rg8 24. Qc1 Ba3 25. Qc2 Qh7 26. Ng6+ Kg7 27. g4 Qh6 28. f4 Bd6 29. g5 Qxh5 30. gxf6+ Kxf6 0-1

[Event "*** Titled Tuesday Blitz"]
[Site "Chess.com"]
[Date "2020.04.28"]
[Round "9"]
[White "MichailovM"]
[Black "JiaHaoxiang"]
[Result "0-1"]
[WhiteElo "2405"]
[BlackElo "2586"]
[TimeControl "180+1"]
[EndTime "11:45:39 PDT"]
[Termination "JiaHaoxiang won by checkmate"]

1. e4 c5 2. Nf3 e6 3. d4 cxd4 4. Nxd4 a6 5. Nc3 Qc7 6. Be2 b5 7. O-O Bb7 8. Bf3 Nc6 9. Nxc6 dxc6 10. Qe2 Bd6 11. g3 Nf6 12. Bg2 O-O 13. f4 e5 14.
f5 a5 15. Rd1 b4 16. Na4 Ba6 17. Qf3 Bb5 18. b3 Bxa4 19. bxa4 Rfd8 20. Be3 c5 21. g4 c4 22. g5 Nd7 23. f6 Bc5 24. fxg7 Bxe3+ 25. Qxe3 Qc5 26. Kf2 Qxe3+ 27. Kxe3 Nc5 28. Rd5 Rxd5 29.
exd5 Nxa4 30. Rf1 Kxg7 31. Rf6 Nc3 32. d6 Rd8 33. Bc6 a4 34. h4 a3 35. h5 b3 36.
cxb3 cxb3 37. h6+ Kf8 38. axb3 a2 39. Rf1 Nb1 40. Bd5 Rd7 41. g6 a1=Q 42. gxh7 Qd4+ 43.
Ke2 Nc3+ 44. Ke1 Qe3# 0-1

[Event "*** Titled Tuesday Blitz"]
[Site "Chess.com"]
[Date "2020.04.28"]
[Round "9"]
[White "troisi"]
[Black "EfM13"]
[Result "1-0"]
[WhiteElo "2174"]
[BlackElo "2231"]
[TimeControl "180+1"]
[EndTime "11:45:39 PDT"]
[Termination "troisi won on time"]

1. e4 g6 2. d4 Bg7 3. Nf3 d6 4. Nc3 Nf6 5. Bc4 O-O 6. O-O c6 7. a4 Qc7 8. Re1 e5 9. h3 Nbd7 10. b3 Nb6 11. Bf1 a5 12. Ba3 Rd8 13. Qd2 Nh5 14.
Rad1 Bf6 15. dxe5 dxe5 16. Bd6 Qd7 17. Qe3 Qe6 18. Qxb6 Rxd6 19. Rxd6 Qxd6 20. Rd1 Qe7 21. g3 Be6 22. Kg2 Qb4 23. Qe3 Ng7 24. g4 Rd8 25. g5 Be7 26. h4 Rxd1 27. Nxd1 Bc5 28. Qd3 Qb6 29. Qc3 Bd4 30. Qd2 Bc8 31. c3 Bc5 32.
Nxe5 Ne6 33. f4 Qxb3 34. f5 gxf5 35. exf5 1-0

[Event "*** Titled Tuesday Blitz"]
[Site "Chess.com"]
[Date "2020.04.28"]
[Round "9"]
[White "ChessicallyInclined"]
[Black "Caterpiller35"]
[Result "0-1"]
[WhiteElo "2506"]
[BlackElo "2315"]
[TimeControl "180+1"]
[EndTime "11:45:40 PDT"]
[Termination "Caterpiller35 won by resignation"]

1. d4 Nf6 2. c4 e6 3. Nc3 Bb4 4. e3 Ne4 5. Qc2 f5 6. Bd3 O-O 7. Ne2 b6 8. f3 Nxc3 9. bxc3 Be7 10. O-O c5 11. e4 g6 12. d5 d6 13. f4 Na6 14. Ng3 fxe4 15. Bxe4 Nc7 16. dxe6 Bxe6 17.
Qe2 Bf6 18. Bd2 d5 19. cxd5 Bxd5 20. Rad1 Bxe4 21. Nxe4 Qe7 22. Qf3 Rae8 23. Rfe1 Qg7 24. Nd6 Rd8 25. Qc6 Qd7 26. Qxd7 Rxd7 27. Ne4 Bg7 28. g3 Rfd8 29. Kg2 Nb5 30. Kf3 Nxc3 31. Nxc3 Bxc3 32. Bxc3 Rxd1 0-1

[Event "*** Titled Tuesday Blitz"]
[Site "Chess.com"]
[Date "2020.04.28"]
[Round "9"]
[White "Ind1anStar"]
[Black "Gabrielian_Artur"]
[Result "1/2-1/2"]
[WhiteElo "2606"]
[BlackElo "2734"]
[TimeControl "180+1"]
[EndTime "11:45:41 PDT"]
[Termination "Game drawn by repetition"]

1. c4 Nf6 2. Nc3 g6 3. g3 Bg7 4. Bg2 O-O 5. d3 d6 6. Nf3 e5 7.
O-O Nc6 8. Rb1 a5 9. a3 Nd4 10.
e3 Nxf3+ 11. Bxf3 c6 12. b4 axb4 13. axb4 d5 14. b5 Be6 15. bxc6 bxc6 16. cxd5 cxd5 17.
Bd2 Qd7 18. Qe2 Rfc8 19. Rfc1 h5 20. h4 Bg4 21. Bxg4 hxg4 22. Ra1 Rxa1 23. Rxa1 e4 24.
d4 Bf8 25. Qa6 Kg7 26. Qe2 Rc4 27. Ra6 Qc8 28. Rxf6 Rxc3 29. Bxc3 Kxf6 30. Qb2 Kg7 31. Bb4 Bxb4 32. Qxb4 Qc1+ 33. Kg2 Qd1 34. Qd6 Qf3+ 35. Kg1 Qd1+ 36. Kh2 Qf3 37. Kg1 Qd1+ 38. Kh2 Qf3 39.
Kg1 1/2-1/2

[Event "*** Titled Tuesday Blitz"]
[Site "Chess.com"]
[Date "2020.04.28"]
[Round "9"]
[White "Munkhzul_Turmunkh"]
[Black "GMaka"]
[Result "1/2-1/2"]
[WhiteElo "2518"]
[BlackElo "2360"]
[TimeControl "180+1"]
[EndTime "11:45:41 PDT"]
[Termination "Game drawn by repetition"]

1. e4 e6 2. d4 d5 3. Nc3 Nf6 4. Bg5 Be7 5. e5 Nfd7 6. Bxe7 Qxe7 7. Nf3 a6 8. Ne2 c5 9. c3 Nc6 10. Ng3 cxd4 11. cxd4 Qb4+ 12. Qd2 b5 13. Be2 Bb7 14. Qxb4 Nxb4 15. Kd2 Nb6 16. b3 Rc8 17. Bd3 Nxd3 18. Kxd3 b4 19. Rhc1 a5 20. Kd2 Kd7 21. Ne1 Ba6 22.
Nh5 g6 23. Nf6+ Ke7 24. h4 Nd7 25. Nxd7 Kxd7 26. g3 Ke7 27. Ng2 f6 28. f4 h6 29.
Rxc8 Rxc8 30. Rc1 Rxc1 31. Kxc1 Bd3 32. Kb2 Be4 33. Ne3 g5 34. Ng4 fxe5 35. fxe5 gxh4 36. gxh4 h5 37. Nf2 Bf5 38. Nd1 Kf7 39. Ne3 Kg6 40.
Ka1 Bd3 41. Kb2 Kh6 42. a3 Kg6 43. axb4 axb4 44. Kc1 Kh6 45. Kd2 Be4 46. Kc1 Kg6 47.
Kd2 Bb1 48. Kc1 Be4 49. Kd2 Bf5 50. Kc1 Be4 1/2-1/2

[Event "*** Titled Tuesday Blitz"]
[Site "Chess.com"]
[Date "2020.04.28"]
[Round "9"]
[White "Anaj14"]
[Black "smshk35"]
[Result "1-0"]
[WhiteElo "2267"]
[BlackElo "2361"]
[TimeControl "180+1"]
[EndTime "11:45:41 PDT"]
[Termination "Anaj14 won by checkmate"]

1. c4 g6 2. g3 Bg7 3. Bg2 Nf6 4. Nf3 O-O 5. O-O c6 6. d3 d5 7. Qc2 Re8 8. Nc3 Bf5 9. b3 d4 10. Nb1 e5 11. Nfd2 Qc8 12. Re1 Bh3 13. Bh1 a5 14. a3 Na6 15. Ra2 Bh6 16. Ne4 Nxe4 17. Bxe4 Bxc1 18. Qxc1 f5 19. Bf3 Nc5 20. Qh6 Bg4 21.
Bxg4 fxg4 22. Qg5 Nxb3 23. Rb2 a4 24. Nd2 Nxd2 25. Qxd2 e4 26. dxe4 Rxe4 27. c5 Qd7 28.
Reb1 Re7 29. Qd3 Rae8 30. Qc4+ Kh8 31. Rd1 Re4 32. Rb4 Qf5 33. Rxb7 Rxe2 34. Qxd4+ Kg8 35. Qg7# 1-0

[Event "*** Titled Tuesday Blitz"]
[Site "Chess.com"]
[Date "2020.04.28"]
[Round "9"]
[White "MoreChessJulia"]
[Black "Colombiano07"]
[Result "1-0"]
[WhiteElo "1799"]
[BlackElo "2195"]
[TimeControl "180+1"]
[EndTime "11:45:41 PDT"]
[Termination "MoreChessJulia won by resignation"]

1. d4 d5 2. c4 Bf5 3. Nc3 e6 4.
Bf4 Nc6 5. e3 Nf6 6. a3 Bd6 7.
Bxd6 Qxd6 8. c5 Qe7 9. f4 a5 10.
Nf3 O-O 11. Bd3 Ng4 12. Qe2 b6 13. Bb5 Na7 14. cxb6 cxb6 15. O-O Rac8 16. Bd3 Bxd3 17. Qxd3 f5 18. h3 Nf6 19. Ne5 Nc6 20. Rfc1 Nxe5 21. dxe5 Ne4 22. Nxe4 fxe4 23. Qd4 Rc5 24. b4 axb4 25.
axb4 Rb5 26. Rab1 Ra8 27. Rc6 Ra6 28. g4 h5 29. f5 exf5 30. gxf5 Qg5+ 31. Kh2 Qxf5 32.
Rb2 h4 33. e6 Qg5 34. Rg2 Qe7 35. Rc8+ Kh7 36. Qe5 Qf6 37. Qxf6 gxf6 38. e7 1-0

[Event "*** Titled Tuesday Blitz"]
[Site "Chess.com"]
[Date "2020.04.28"]
[Round "9"]
[White "jlandaw"]
[Black "tan275"]
[Result "1-0"]
[WhiteElo "2394"]
[BlackElo "2194"]
[TimeControl "180+1"]
[EndTime "11:45:42 PDT"]
[Termination "jlandaw won by resignation"]

1. e4 c6 2. d4 d5 3. exd5 cxd5 4. Bd3 Nc6 5. c3 Qc7 6. Ne2 e5 7. dxe5 Nxe5 8. Bb5+ Bd7 9. Qxd5 O-O-O 10. Bf4 f6 11.
O-O Bg4 12. Qe4 Nh6 13. Nd4 Bd6 14. h3 f5 15. Qe3 Bh5 16. Ne6 Nf3+ 17. gxf3 Bxf4 18.
Qxf4 Qxf4 19. Nxf4 Bxf3 20. Na3 g5 21. Ne6 Rd6 22. Nd4 Be4 23. Nc4 Rd5 24. Ne3 Rdd8 25.
Ba4 g4 26. hxg4 Nxg4 27. Nxg4 fxg4 28. Bb3 h5 29. Rfe1 Bf3 30. Nxf3 gxf3 31. Re3 Rhg8+ 32. Bxg8 Rxg8+ 33. Kh1 1-0

[Event "*** Titled Tuesday Blitz"]
[Site "Chess.com"]
[Date "2020.04.28"]
[Round "9"]
[White "calin_dragomirescu"]
[Black "Kate1606"]
[Result "0-1"]
[WhiteElo "2229"]
[BlackElo "2040"]
[TimeControl "180+1"]
[EndTime "11:45:42 PDT"]
[Termination "Kate1606 won by resignation"]

1. Nf3 c5 2. c4 Nc6 3. e3 g6 4. d4 cxd4 5. exd4 d5 6. Nc3 Nf6 7. cxd5 Nxd5 8. Bc4 Nb6 9. Bb3 Na5 10. Bxf7+ Kxf7 11. Ng5+ Kg7 12. Qf3 Bf5 13. g4 h6 14. gxf5 hxg5 15.
fxg6 Qe8 16. Bxg5 Qxg6 17. Rg1 Qh5 18. Qxh5 Rxh5 19. h4 Kf7 20. O-O-O Bh6 21. f4 Bxg5 22. hxg5 Nac4 23. g6+ Kg7 24. Ne4 Rah8 25. Ng5 Ne3 26. Rde1 Rc8+ 27. Kb1 Ned5 28. Ne6+ Kg8 29. Nc5 Nc4 30.
b3 Nce3 31. Re2 b6 32. Nd3 Nc3+ 33. Kb2 Nxe2 34. Re1 Rh2 35. Ka3 Rc2 36. Nb4 Rd2 37. Ka4 Nf5 38. Kb5 Nc3+ 39. Ka6 Rde2 40. Rc1 Ne4 41.
Rc7 Kg7 42. Rxa7 Kxg6 43. Kxb6 Ned6 44. a3 Ne4 45. Ra6 Nxd4 46. Kb7+ Kf5 47. Nc6 Nc5+ 48. Kb6 Nxa6 49. Kxa6 Nxc6 50. Kb6 Nd4 51. a4 Kxf4 52.
a5 Rb2 53. a6 Rxb3+ 54. Kc5 Ra3 55. a7 Rxa7 56. Kxd4 Rd7+ 0-1

[Event "*** Titled Tuesday Blitz"]
[Site "Chess.com"]
[Date "2020.04.28"]
[Round "9"]
[White "TigrVShlyape"]
[Black "Joshukid"]
[Result "1-0"]
[WhiteElo "2824"]
[BlackElo "2552"]
[TimeControl "180+1"]
[EndTime "11:45:44 PDT"]
[Termination "TigrVShlyape won by resignation"]

1. d4 Nf6 2. Nf3 d5 3. Bf4 e6 4.
e3 c5 5. Nbd2 Nc6 6. c3 c4 7. b3 cxb3 8. axb3 Bd6 9. Bd3 Qc7 10.
Bxd6 Qxd6 11. b4 O-O 12. b5 Ne7 13. O-O Ng6 14. c4 dxc4 15. Nxc4 Qe7 16. Nb6 Rb8 17. Rxa7 Bd7 18. Qb1 Rfd8 19. Rc1 Be8 20. h3 Qd6 21. Nc4 Qd5 22. Nce5 Rdc8 23. Rxc8 Rxc8 24. e4 Qd6 25. Rxb7 Nxe5 26. dxe5 Qa3 27. exf6 Rc1+ 28. Qxc1 Qxc1+ 29. Bf1 gxf6 30. Rb8 Kf8 31. b6 Ke7 32. Nd4 Bd7 33.
Rb7 Kd6 34. Ra7 Qc5 35. Ra8 Qb4 36. Nb5+ Kc6 37. Ra7 Qe7 38. b7 Qe8 39. Ra8 1-0

[Event "*** Titled Tuesday Blitz"]
[Site "Chess.com"]
[Date "2020.04.28"]
[Round "9"]
[White "shav3184"]
[Black "ehrenfeld"]
[Result "0-1"]
[WhiteElo "2278"]
[BlackElo "2478"]
[TimeControl "180+1"]
[EndTime "11:45:44 PDT"]
[Termination "ehrenfeld won by checkmate"]

1. e4 e5 2. Nf3 Nc6 3. Bc4 Nf6 4. d3 h6 5. O-O g5 6. d4 Qe7 7. dxe5 Nxe5 8. Nxe5 Qxe5 9. Nc3 d6 10. Bb3 Be6 11.
Bxe6 fxe6 12. Be3 Bg7 13. Bd4 Qa5 14. f4 gxf4 15. Rxf4 e5 16. Rxf6 Bxf6 17. Nd5 O-O-O 18. b4 Qa3 19. Bf2 Rdf8 20. Qg4+ Kb8 21. Qd7 Bd8 22. Rd1 Rhg8 23. Bh4 Bxh4 24. Qxc7+ Ka8 25. Qxd6 Bd8 26. Qxe5 Rxg2+ 27. Kxg2 Qf3+ 28. Kg1 Qxd1+ 29. Kg2 Qf3+ 30. Kg1 Qf1# 0-1

[Event "*** Titled Tuesday Blitz"]
[Site "Chess.com"]
[Date "2020.04.28"]
[Round "9"]
[White "Koalaskakistis"]
[Black "Andrii_Prydun"]
[Result "0-1"]
[WhiteElo "2521"]
[BlackElo "2377"]
[TimeControl "180+1"]
[EndTime "11:45:45 PDT"]
[Termination "Andrii_Prydun won by resignation"]

1. e4 d5 2. exd5 Qxd5 3. Nc3 Qd6 4. d4 c6 5. Nf3 Bg4 6. h3 Bxf3 7. Qxf3 Qxd4 8. Be3 Qd8 9. Rd1 Nd7 10. Bc4 e6 11. Ne4 Ngf6 12. Ng5 h6 13. Ne4 Be7 14. O-O O-O 15.
Rd2 Qa5 16. Rfd1 Ne5 17. Nxf6+ Bxf6 18. Qe4 Qb4 19. Bd5 Qxb2 20. Bb3 Qa3 21. f4 Ng6 22.
Rd7 Ne7 23. Rxb7 Nd5 24. Bf2 Nc3 25. Qf3 Nxd1 26. Qxd1 Rfd8 27. Qg4 Qc1+ 28. Kh2 Re8 29. h4 Qf1 30. Kg3 Rad8 31. h5 Rd2 32. Qf3 Rxf2 33. Qxf2 Bh4+ 0-1

[Event "*** Titled Tuesday Blitz"]
[Site "Chess.com"]
[Date "2020.04.28"]
[Round "9"]
[White "Alexandercs432"]
[Black "zivicd"]
[Result "0-1"]
[WhiteElo "2109"]
[BlackElo "2221"]
[TimeControl "180+1"]
[EndTime "11:45:45 PDT"]
[Termination "zivicd won by checkmate"]

1. e4 c5 2. Nf3 e6 3. d4 cxd4 4. Nxd4 a6 5. Bd3 Nf6 6. O-O Qc7 7. c4 b6 8. Nc3 Bb7 9. Qe2 d6 10. Be3 Nbd7 11. Rac1 Be7 12. Rfd1 O-O 13. b3 Rac8 14. f3 Rfe8 15. Kh1 Qb8 16. Qf2 d5 17. exd5 exd5 18. Nf5 Ba3 19. Rb1 Ne5 20. Bf1 dxc4 21. Bxb6 Nd3 22. Bxd3 cxd3 23. Rxd3 Qe5 24. Na4 Qxf5 25.
Rbd1 h5 26. Be3 Bc6 27. Nb6 Bb5 28. R3d2 Rc6 29. Nd5 Rce6 30. Nxf6+ Qxf6 31. Bd4 Qg5 32. h3 Bb4 33. Rc2 Re1+ 34. Rxe1 Rxe1+ 35. Kh2 Bd6+ 36. g3 Rd1 37. h4 Qxh4+ 38. Kg2 Qh1# 0-1

[Event "*** Titled Tuesday Blitz"]
[Site "Chess.com"]
[Date "2020.04.28"]
[Round "9"]
[White "Mazanchenko_Dmitry"]
[Black "Chessterra87"]
[Result "0-1"]
[WhiteElo "2140"]
[BlackElo "2316"]
[TimeControl "180+1"]
[EndTime "11:45:46 PDT"]
[Termination "Chessterra87 won on time"]

1. e4 c5 2. Ne2 e6 3. Nbc3 a6 4. a4 d5 5. d4 cxd4 6. Nxd4 Nc6 7. exd5 exd5 8. Be3 Nf6 9. Be2 Be7 10. O-O O-O 11. Bf3 Ne5 12. Bf4 Nxf3+ 13. Qxf3 Bg4 14. Qg3 Qb6 15. Nb3 Rfe8 16. Nxd5 Nxd5 17. Qxg4 Bf6 18. Qf3 Nxf4 19. Qxf4 Re2 20. Qf5 g6 21. Qd3 Rae8 22. a5 Qc7 23. Nd4 Bxd4 24. Qxd4 Rxc2 25. b4 Ree2 26. Rad1 Rb2 27. g3 Qe5 28. Qh4 Kg7 29. Rd7 Qe6 30. Rc1 Re1+ 31. Rxe1 Qxe1+ 32. Kg2 Qxf2+ 33. Kh3 Qxh2+ 34. Kg4 Rxb4+ 35. Kg5 h6+ 0-1

[Event "*** Titled Tuesday Blitz"]
[Site "Chess.com"]
[Date "2020.04.28"]
[Round "9"]
[White "DishonorOnYourCow"]
[Black "Blagorod"]
[Result "1/2-1/2"]
[WhiteElo "2288"]
[BlackElo "2141"]
[TimeControl "180+1"]
[EndTime "11:45:46 PDT"]
[Termination "Game drawn by repetition"]

1. d4 d5 2. c4 Nc6 3. cxd5 Qxd5 4. Nf3 e5 5. Nc3 Bb4 6. e3 Bg4 7. Be2 O-O-O 8. O-O Bxc3 9. bxc3 e4 10. Nd2 Bf5 11. c4 Qd6 12. Rb1 h5 13. Qb3 b6 14.
c5 Qg6 15. Ba6+ Kd7 16. Bb5 Ke7 17. cxb6 axb6 18. Ba3+ Kf6 19. Bxc6 Kg5 20. Qc2 Nf6 21. f3 Kh6 22. fxe4 Bh3 23. Nf3 Ng4 24. Qd2 Qxc6 25. gxh3 Qxe4 26. hxg4 hxg4 27. Ne5 Qxe5 28. dxe5 Rxd2 29. Rxf7 Kg6 30. Rxc7 Rhxh2 31. Rc6+ Kh7 32. Rcxb6 Rhg2+ 33. Kf1 Rh2 34. Kg1 Rhg2+ 35. Kf1 Rgf2+ 36. Ke1 Rfe2+ 37. Kf1 Rf2+ 38. Kg1 Rg2+ 1/2-1/2

[Event "*** Titled Tuesday Blitz"]
[Site "Chess.com"]
[Date "2020.04.28"]
[Round "9"]
[White "AcsinteMatei"]
[Black "djogrodek1"]
[Result "0-1"]
[WhiteElo "2310"]
[BlackElo "2567"]
[TimeControl "180+1"]
[EndTime "11:45:47 PDT"]
[Termination "djogrodek1 won by resignation"]

1. d4 d5 2. Bf4 c5 3. c3 Nc6 4. e3 Bf5 5. Nd2 e6 6. Ngf3 Qb6 7. Qc1 Nf6 8. h3 h6 9. Be2 Be7 10.
Ne5 Rc8 11. Nxc6 Rxc6 12. Nf3 Rc8 13. O-O O-O 14. Ne5 Rfd8 15. f3 Nd7 16. Qd2 Nxe5 17.
Bxe5 Bd6 18. Bxd6 Qxd6 19. Bd3 Bxd3 20. Qxd3 e5 21. dxc5 Qxc5 22. Kh2 Rc6 23. Rad1 Rcd6 24. f4 exf4 25. Rxf4 Re6 26. Rf3 Qb6 27. Rd2 Rdd6 28. Rdf2 Rd7 29. Qd4 Qxd4 30. exd4 f6 31. Kg3 Kf7 32.
Rd3 Re1 33. b3 Rc1 34. Re2 Re7 35. Rxe7+ Kxe7 36. a4 f5 37. Kf4 Kf6 38. Re3 g5+ 39. Kf3 f4 40. Rd3 Kf5 41. a5 h5 42. g4+ fxg3 43. Kxg3 Ke4 44. Rd2 Rxc3+ 45. Kg2 Rxb3 0-1

[Event "*** Titled Tuesday Blitz"]
[Site "Chess.com"]
[Date "2020.04.28"]
[Round "9"]
[White "xamax2000"]
[Black "UCantHandleDenker"]
[Result "0-1"]
[WhiteElo "2725"]
[BlackElo "2594"]
[TimeControl "180+1"]
[EndTime "11:45:48 PDT"]
[Termination "UCantHandleDenker won on time"]

1. e4 c5 2. Nf3 d6 3. Bb5+ Bd7 4. Bxd7+ Qxd7 5. c4 Nc6 6. d4 cxd4 7. Nxd4 g6 8.
O-O Bg7 9. Be3 Nf6 10. f3 O-O 11. Nc3 Rfc8 12. b3 Qd8 13. Qd3 Rab8 14. Rac1 a6 15.
Rfd1 Qa5 16. a4 h5 17. Kh1 h4 18. Nde2 h3 19. Qd2 hxg2+ 20. Kxg2 Qh5 21. Ng3 Qh8 22. Nd5 Nxd5 23. cxd5 Ne5 24. Rxc8+ Rxc8 25. Rc1 Kh7 26. h3 Qd8 27. Bb6 Qd7 28. Rh1 Bh6 29. Be3 Bxe3 30. Qxe3 Rc2+ 31. Ne2 b5 32. f4 bxa4 33. fxe5 Qb5 34.
Re1 axb3 35. Qf2 Kg7 36. Kh1 dxe5 37. Rf1 f6 38. Re1 b2 0-1

[Event "*** Titled Tuesday Blitz"]
[Site "Chess.com"]
[Date "2020.04.28"]
[Round "9"]
[White "Susal_De_Silva"]
[Black "GoValya"]
[Result "1-0"]
[WhiteElo "2269"]
[BlackElo "2150"]
[TimeControl "180+1"]
[EndTime "11:45:48 PDT"]
[Termination "Susal_De_Silva won by checkmate"]

1. e4 e6 2. d4 d5 3. Nc3 Be7 4. Nf3 Nf6 5. e5 Nfd7 6. Bd3 c5 7. dxc5 Nc6 8. O-O Ndxe5 9. Nxe5 Nxe5 10. Be3 a6 11. b4 Bf6 12. Bd4 Nf3+ 13. Qxf3 Bxd4 14.
Be2 O-O 15. Rad1 Bf6 16. Na4 Bd7 17. Nb6 Rb8 18. c4 d4 19. Bd3 Bc6 20. Be4 Bxe4 21.
Qxe4 Qc7 22. Rd3 Rfd8 23. a4 g6 24. a5 Bg7 25. Rfd1 e5 26. Nd5 Qd7 27. Qe2 f5 28.
Nb6 Qc6 29. Nd5 Qd7 30. f4 e4 31. Rxd4 Bxd4+ 32. Rxd4 Qf7 33. Qd2 Re8 34. Kf2 Rbd8 35.
Ke3 h6 36. b5 axb5 37. cxb5 g5 38. c6 bxc6 39. bxc6 gxf4+ 40. Kxf4 Qh5 41. Nf6+ Kf7 42. Nxh5 e3 43. Qa2+ Kg6 44. Rxd8 Rxd8 45. Qe6+ Kxh5 46. Qxf5+ Kh4 47. g3# 1-0

[Event "*** Titled Tuesday Blitz"]
[Site "Chess.com"]
[Date "2020.04.28"]
[Round "9"]
[White "Guenplen"]
[Black "Evgeny81"]
[Result "1-0"]
[WhiteElo "2944"]
[BlackElo "2703"]
[TimeControl "180+1"]
[EndTime "11:45:52 PDT"]
[Termination "Guenplen won by resignation"]

1. d4 d5 2. Bf4 Nf6 3. e3 Bg4 4.
Qd3 Nbd7 5. h3 Bh5 6. Qb3 Qc8 7.
c4 e6 8. Nc3 c6 9. Rc1 Be7 10.
cxd5 Nxd5 11. Bh2 O-O 12. Nf3 Bxf3 13. gxf3 a5 14. a3 Nxc3 15. Qxc3 Nf6 16. Bd3 Qd7 17. Be5 Nd5 18. Qc2 g6 19. h4 Bd6 20. h5 Bxe5 21. dxe5 Kg7 22. h6+ Kg8 23. f4 Rfd8 24. Rd1 Qe7 25.
Ke2 Nb6 26. Qb3 Qc7 27. Be4 Rxd1 28. Rxd1 Nd5 29. Rc1 Qe7 30. Bf3 Rd8 31. Qa4 Qc7 32.
Qc4 Qb6 33. Rc2 Ne7 34. Be4 Rd7 35. b4 axb4 36. axb4 Nd5 37. Bxd5 Rxd5 38. Ra2 Qd8 39. Ra7 Qf8 40. e4 Rd7 41. f5 Qxh6 42. Ra8+ 1-0

[Event "*** Titled Tuesday Blitz"]
[Site "Chess.com"]
[Date "2020.04.28"]
[Round "9"]
[White "AleksanderHnydiuk"]
[Black "TERMINATOR_PC"]
[Result "0-1"]
[WhiteElo "2550"]
[BlackElo "2424"]
[TimeControl "180+1"]
[EndTime "11:45:52 PDT"]
[Termination "TERMINATOR_PC won by resignation"]

1. d4 Nf6 2. c4 g6 3. g3 Bg7 4. Bg2 O-O 5. Nc3 d6 6. Nf3 Nc6 7. O-O e5 8. dxe5 dxe5 9. Bg5 Be6 10. Nd2 Qc8 11. Bxf6 Bxf6 12. Nde4 Bg7 13. Nd5 Rd8 14.
Qa4 Kh8 15. Rfd1 h6 16. Rac1 Nd4 17. Rd2 c6 18. Ndc3 f5 19. e3 fxe4 20. exd4 e3 21. fxe3 exd4 22. exd4 Rxd4 23. Rxd4 Bxd4+ 24. Kh1 Qg8 25. Ne4 Rf8 26. Qb4 b6 27. Qd6 c5 28. Re1 Bxc4 29. b3 Bd5 30. Qd7 Re8 31. Re2 Qe6 32.
Qxe6 Rxe6 33. Nc3 Bxc3 0-1

[Event "*** Titled Tuesday Blitz"]
[Site "Chess.com"]
[Date "2020.04.28"]
[Round "9"]
[White "Mimsychess"]
[Black "AttilaTurzo"]
[Result "1-0"]
[WhiteElo "2366"]
[BlackElo "2469"]
[TimeControl "180+1"]
[EndTime "11:45:52 PDT"]
[Termination "Mimsychess won by resignation"]

1. e4 c5 2. Nf3 Nc6 3. d4 cxd4 4. Nxd4 Nf6 5. Nc3 d6 6. Bg5 e6 7. Qd2 a6 8. O-O-O Bd7 9. f3 b5 10. Nxc6 Bxc6 11. Bd3 Be7 12. h4 O-O 13. Kb1 Rb8 14. Ne2 Qc7 15. Nd4 Ba8 16. g4 d5 17. e5 Ne8 18.
Bxe7 Qxe7 19. g5 b4 20. h5 a5 21. Rdg1 a4 22. g6 f5 23. exf6 Qxf6 24. h6 Qxd4 25. hxg7 Nxg7 26. Qh6 Rf4 27. Qxh7+ Kf8 28. Qh8+ Ke7 29.
Qxb8 Bc6 30. Qc7+ Bd7 31. Bb5 a3 32. Qxd7+ Kf6 33. Qf7+ Ke5 34. Qxg7+ Rf6 35. Re1+ Kf5 36. Rh5+ Kf4 37. Rh4+ Kg3 38. Rxd4 1-0

[Event "*** Titled Tuesday Blitz"]
[Site "Chess.com"]
[Date "2020.04.28"]
[Round "9"]
[White "inegrepus"]
[Black "NotFischer"]
[Result "1-0"]
[WhiteElo "2263"]
[BlackElo "2149"]
[TimeControl "180+1"]
[EndTime "11:45:53 PDT"]
[Termination "inegrepus won by resignation"]

1. d4 Nf6 2. c4 e6 3. g3 d5 4.
Bg2 Be7 5. Nf3 O-O 6. O-O Nbd7 7. Nbd2 c6 8. Qc2 b6 9. e4 dxe4 10. Nxe4 Bb7 11. Ne5 Nxe5 12. dxe5 Nd7 13. f4 Qc7 14.
Be3 c5 15. Rfd1 Rad8 16. Rd6 Bxe4 17. Bxe4 Bxd6 18. Bxh7+ Kh8 19. exd6 Qxd6 20. Rd1 Qe7 21. Be4 Nf6 22. Bd3 Qd6 23. Qg2 Kg8 24. g4 g6 25. Rd2 Qc7 26. f5 Qe5 27. Bh6 Qe1+ 28. Qf1 Qxf1+ 29. Kxf1 Ne4 30. Bxe4 Rxd2 31. Bxd2 exf5 32.
gxf5 gxf5 33. Bxf5 Rd8 34. Bc3 Rd1+ 35. Kg2 Kf8 36.
h4 Ra1 37. h5 f6 38. h6 Kf7 39.
h7 Kg7 40. Bxf6+ 1-0

[Event "*** Titled Tuesday Blitz"]
[Site "Chess.com"]
[Date "2020.04.28"]
[Round "9"]
[White "Warerman"]
[Black "ferdipy"]
[Result "0-1"]
[WhiteElo "2431"]
[BlackElo "2291"]
[TimeControl "180+1"]
[EndTime "11:45:54 PDT"]
[Termination "ferdipy won by checkmate"]

1. d4 e5 2. dxe5 d6 3. Nf3 Nc6 4. Bg5 f6 5. exf6 gxf6 6. Bh4 Bg4 7. h3 Bh5 8. e3 Qe7 9. Nc3 O-O-O 10. Bb5 Ne5 11.
Be2 Bg6 12. Nd4 a6 13. Nd5 Qf7 14. c4 h5 15. b4 Kb8 16. b5 axb5 17. Nf4 bxc4 18.
Qa4 Ne7 19. Nfe6 Re8 20. Bxc4 Nxc4 21. Qxc4 Nf5 22. Bxf6 Bg7 23. Nc6+ bxc6 24. Qa6 Nxe3 25. Bxg7 Qxe6 26. Bxh8 Nc2+ 27. Kf1 Qe1+ 28. Rxe1 Rxe1# 0-1

[Event "*** Titled Tuesday Blitz"]
[Site "Chess.com"]
[Date "2020.04.28"]
[Round "9"]
[White "Superfelix"]
[Black "DDTerziev04"]
[Result "1-0"]
[WhiteElo "2481"]
[BlackElo "2336"]
[TimeControl "180+1"]
[EndTime "11:45:55 PDT"]
[Termination "Superfelix won by resignation"]

1. e4 e6 2. d4 d5 3. exd5 exd5 4. Bd3 Bd6 5. Nf3 Ne7 6. Nbd2 O-O 7. Nf1 Bf5 8. Ne3 Bxd3 9. Qxd3 Nbc6 10. O-O Qd7 11. h3 h6 12. c3 Ng6 13. Nf5 Bf4 14. Re1 Bxc1 15. Raxc1 Rfe8 16. g3 Rxe1+ 17. Rxe1 Re8 18. Rxe8+ Qxe8 19. Kg2 Qe6 20. Ne3 Nce7 21. Qb5 Qc6 22. Qxc6 bxc6 23. Nd2 Nc8 24. Nb3 Nd6 25. Na5 Ne7 26.
f3 f5 27. h4 g5 28. hxg5 hxg5 29. Nc2 f4 30. gxf4 gxf4 31. Nb4 Kf7 32. Naxc6 Nxc6 33. Nxc6 Nc4 34. b3 Ne3+ 35. Kh3 a6 36. Nb4 a5 37. Nc6 Nd1 38. c4 dxc4 39. Ne5+ Ke6 40. Nxc4 Nc3 41. a4 Ne2 42. Nxa5 Nxd4 43. Kg4 Ke5 44. b4 Nc2 45. b5 Ne3+ 46. Kg5 Nd5 47. Nc6+ Kd6 48. a5 Nc3 49. a6 Nxb5 50. a7 Nxa7 51. Nxa7 c5 52. Kxf4 Kd5 53. Ke3 c4 54. Nb5 Ke5 55. Nc3 Kf5 56. f4 Kf6 57.
Ke4 Ke6 58. f5+ Kf6 59. Kf4 Kf7 60. Ke5 Ke7 61. f6+ Kf7 62. Kf5 Kf8 63. Ke6 Ke8 64. Ne4 Kf8 65. f7 1-0

[Event "*** Titled Tuesday Blitz"]
[Site "Chess.com"]
[Date "2020.04.28"]
[Round "9"]
[White "Gareth-Bale11"]
[Black "stoleriu"]
[Result "1-0"]
[WhiteElo "2736"]
[BlackElo "2549"]
[TimeControl "180+1"]
[EndTime "11:45:56 PDT"]
[Termination "Gareth-Bale11 won by checkmate"]

1. e4 e6 2. d4 d5 3. Nc3 Bb4 4.
e5 c5 5. a3 Bxc3+ 6. bxc3 Qc7 7. Bd2 Ne7 8. Bd3 b6 9. Qg4 Kf8 10. Nf3 Ba6 11. O-O Bxd3 12. cxd3 c4 13. dxc4 dxc4 14. Ng5 h6 15. Ne4 Nbc6 16. Nd6 Na5 17. Rae1 Nc8 18. Ne4 Ne7 19. f4 Nf5 20. Qf3 h5 21. Nd6 Qc6 22. Nxf5 Qxf3 23. Rxf3 exf5 24. d5 Rd8 25. d6 Ke8 26. Be3 Kd7 27. Rg3 g6 28. Bd4 Ke6 29. Rb1 Rd7 30. Rb5 Rdd8 31. Re3 Rd7 32. Re1 Rdd8 33. Reb1 Rd7 34. R1b4 Rc8 35. Kf2 Rc6 36. a4 Rc8 37. Kf3 Nc6 38.
Rxc4 Nxd4+ 39. cxd4 Rxc4 40. d5# 1-0